 Dungeon Crawl Stone Soup version 0.18-a0-1267-gff090c1 (webtiles) character file.

66 namelastname112 the Shooter (level 3, -2/30 HPs)
             Began as a Draconian Hunter on Feb 7, 2016.
             Slain by a hobgoblin
             ... wielding a cursed +0 club
              (6 damage)
             ... on level 2 of the Dungeon.
             The game lasted 00:02:11 (1629 turns).

namelastname112 the Shooter (Draconian Hunter)      Turns: 1629, Time: 00:02:11

Health: -2/30      AC:  3    Str: 14    XL:     3   Next: 96%
Magic:  3/3        EV:  7    Int: 11    God:
Gold:   113        SH:  0    Dex: 12    Spells: 0 memorised, 2 levels left

rFire  . . .     SeeInvis .     a - +1 shortbow
rCold  . . .     Gourm    .     (armour unavailable)
rNeg   . . .     Faith    .     (shield currently unavailable)
rPois  +         Spirit   .     (helmet restricted)
rElec  .         Dismiss  .     (no cloak)
rCorr  .         Reflect  .     (no gloves)
SustAt .         Harm     .     (no boots)
MR     .....                    (no amulet)
Stlth  +.........               j - ring of poison resistance
                                h - -2 ring of protection (curse)

@: not resistant to hostile enchantments, very unstealthy
A: unfitting armour, cold-blooded, AC +5
a: no special abilities


You were on level 2 of the Dungeon.
You were very hungry.

You visited 1 branch of the dungeon, and saw 2 of its levels.

You collected 113 gold pieces.

Inventory:

Hand Weapons
 a - a +1 shortbow (weapon)
 b - a +0 short sword
Missiles
 c - 45 arrows
 i - 6 poisoned arrows (quivered)
Jewellery
 h - a cursed -2 ring of protection (left hand)
 j - a ring of poison resistance (right hand)
Scrolls
 f - a scroll of fog {unknown}
 g - 2 scrolls of recharging {unknown}
 l - a scroll of magic mapping {unknown}
 n - 2 scrolls of teleportation {unknown}
Potions
 e - 2 potions of curing {unknown}
 k - a potion of flight {unknown}
Comestibles
 d - 4 bread rations
 m - a meat ration


   Skills:
 + Level 2.9 Fighting
 * Level 4.4 Bows
 + Level 2.5 Dodging
 - Level 0.8 Stealth


You had 2 spell levels left.
You didn't know any spells.

Dungeon Overview and Level Annotations

Branches:
Dungeon (2/15)

Altars:


Innate Abilities, Weirdness & Mutations

Your plain brown scales are hard (AC +5).
Your body does not fit into most forms of armour.
You are cold-blooded and may be slowed by cold attacks.


Message History

You shoot a poisoned arrow.
The poisoned arrow completely misses the kobold.
The kobold shouts!
You kill the gnoll!
The kobold throws a stone.
The stone hits you but does no damage.
Firing (i - inventory. (,) - cycle):
i - 7 poisoned arrows (quivered)
Press: ? - help, Shift-Dir - straight line, f/p - kobold
Aim: a kobold, wielding a dagger You shoot a poisoned arrow.
The poisoned arrow hits the kobold.
You kill the kobold!
The hobgoblin hits you with a club.
* * * LOW HITPOINT WARNING * * *
Found an escape hatch in the ceiling.
Things that are here:
a poisoned arrow; a dagger; a stone The hobgoblin closely misses you.
The gnoll hits you but does no damage.
There is an escape hatch in the ceiling here.
The gnoll hits you but does no damage. The hobgoblin hits you with a club.
You die...

.# #.####### #.. .# #g#.....# #..
.## #.#.....# #.. ..###.'.....#
#.. ....###.....#### #..
..#...'........#### #..
#.#..##....(......# #############
#K#..# ####.......# #........#
#g#..######..g.g@.###........####
#.#.......#(K..g..#.+........+...
#'#.#####.#.##'####.#........####
...K......#.##.# #.#...)....####
....g...K##.##.####.'........+..#
...##.##.##K#.......#.......†##.#
......##.##!#######.#.......(##.#
.......#.##.# #.####........#
##.....#(##'### #.# #.######..


You could see 2 gnolls, a hobgoblin and a kobold.

Vanquished Creatures
  2 gnolls (D:2)
  An adder (D:2)
  An ooze (D:1)
  A ball python (D:1)
  5 bats
  3 giant cockroaches
  5 goblins
  3 hobgoblins
  3 jackals
  3 kobolds
  3 giant newts
  2 rats
32 creatures vanquished.

Notes
Turn   | Place    | Note
--------------------------------------------------------------
     0 | D:1      | namelastname112 the Draconian Hunter began the quest for the Orb.
     0 | D:1      | Reached XP level 1. HP: 17/17 MP: 1/1
   409 | D:1      | Reached XP level 2. HP: 20/25 MP: 2/2
   487 | D:1      | Reached skill level 4 in Bows
  1121 | D:2      | Reached XP level 3. HP: 27/30 MP: 3/3
  1629 | D:2      | Slain by a hobgoblin

Vault maps used:
D:1:      dpeg_arrival_ternary, st_stairs_11

Action                   || total
-------------------------++-------
Melee: Short sword       ||    97
 Fire: Shortbow          ||    14
 Stab: Sleeping          ||     1
  Eat: Chunk             ||     1
